 Dungeon Crawl Stone Soup version 0.28.0 (webtiles) character file.

Game seed: 12453674197261767241

241 mortz the Magician (level 6, -2/42 HPs)
             Began as a Djinni Conjurer on Feb 14, 2022.
             Killed by divine providence
             ... invoked by an orc priest
              (17 damage)
             ... on level 7 of the Dungeon.
             The game lasted 00:28:16 (3029 turns).

mortz the Magician (Djinni Conjurer)                Turns: 3029, Time: 00:28:17

Health: -2/42      AC:  7    Str:  6    XL:     6   Next: 30%
Gold:   95         EV: 11    Int: 22    God:
                   SH:  0    Dex: 11

rFire   + + .      SeeInvis .   q - +2 trident (pain)
rCold   x . .      Faith    .   (no shield)
rNeg    . . .      Spirit   .   n - +0 leather armour
rPois   ∞          Reflect  .   b - +2 helmet
rElec   .          Harm     .   (no cloak)
rCorr   .          Rampage  .   u - +0 pair of gloves
Will    .....                   (boots unavailable)
Stlth   ++........              (no amulet)
HPRegen 0.14/turn               (no ring)
MPRegen 0.00/turn               (no ring)

@: flying
A: sickness immunity, fire resistance 2, cold vulnerability 1, float, innate
caster, HP casting, extra vitality 1
a: no special abilities


You were on level 7 of the Dungeon.
You visited 1 branch of the dungeon, and saw 5 of its levels.

You collected 95 gold pieces.

Inventory:

Hand Weapons
 a - a +0 short sword of speed
 j - a +2 short sword of electrocution
 q - a +2 trident of pain (weapon)
Missiles
 l - 100 stones (quivered)
Armour
 b - a +2 helmet (worn)
 n - a +0 leather armour (worn)
 s - an orb of mayhem
 u - a +0 pair of gloves (worn)
Jewellery
 w - a ring of wizardry
Scrolls
 d - a scroll of enchant armour {unknown}
 e - 2 scrolls of fear {unknown}
 f - 3 scrolls of teleportation
 g - 2 scrolls of noise {unknown}
 h - 4 scrolls of immolation
 i - 4 scrolls of identify {unknown}
 m - a scroll of vulnerability {unknown}
 p - 2 scrolls of fog {unknown}
 r - a scroll of acquirement {unknown}
 t - 3 scrolls of silence {unknown}
Potions
 c - a potion of might {unknown}
 k - 2 potions of curing
 o - a potion of brilliance {unknown}
 v - 3 potions of magic {unknown}


   Skills:
 + Level 1.2 Fighting
 * Level 1.8 Short Blades
 + Level 1.3 Armour
 + Level 2.4 Dodging
 + Level 1.9 Stealth
 + Level 4.8 Spellcasting


You couldn't memorise any spells.
You knew the following spells:

 Your Spells              Type           Power      Damage    Failure   Level
a - Magic Dart            Conj           100%       1d8       2%          1
b - Searing Ray           Conj           52%        2d6       3%          2
c - Dazzling Flash        Conj/Hex       52%        N/A       7%          3
d - Fulminant Prism       Conj/Hex       13%        3d9       22%         4
e - Iskenderun's Mystic   Conj/Tloc      26%        2d7       22%         4
f - Shock                 Conj/Air       100%       1d9       2%          1
g - Call Imp              Summ           26%        N/A       3%          2
Your spell library was empty.

Dungeon Overview and Level Annotations

Branches:
Dungeon (7/15)
 Temple: D:4-7

Altars:
Sif Muna


Innate Abilities, Weirdness & Mutations

You are immune to sickness and miasma.
You are immune to poison.
Your flesh is very heat resistant. (rF++)
You are vulnerable to cold. (rC-)
You float through the air rather than walking.
You learn spells naturally, not from books.
Your magical power is your life essence.
You have superior vitality. (+4 MHP)


Message History

The water moccasin skeleton bites you but does no damage.
The gnoll hits you from afar with a +0 spear. x2
The gnoll hits you from afar with a +0 spear.
There is a stone staircase leading down here.
The gnoll hits you from afar with a +0 spear.
You fly downwards.
The orc wizard shouts!
The orc priest shouts! x2; The orc shouts!
There is a stone staircase leading up here.
Casting: Searing Ray (safe; 3% risk of failure)
Confirm with . or Enter, or press ? or * to list all spells.
Aiming: Searing Ray (safe; 3% risk of failure)
Press: ? - help, Shift-Dir - straight line, f - orc priest
Aim: an orc priest, wielding a +0 falchion and wearing a +0 ring mail (82% to hit)
The searing ray hits the orc priest.
The orc priest is lightly wounded.
The searing ray hits the orc priest.
The orc priest is moderately wounded.
The searing ray hits the orc wizard.
The orc wizard is moderately wounded.
The searing ray hits the orc.
The orc is moderately wounded. (Press . to maintain the ray.)
The orc priest barely misses you.
The searing ray hits the orc priest.
The orc priest is heavily wounded.
The searing ray misses the orc priest.
The searing ray hits the orc wizard.
The orc wizard is severely wounded.
The searing ray misses the orc.
The orc priest hits you but does no damage.
The searing ray hits the orc priest!
The orc priest is almost dead.
The searing ray hits the orc priest!
You kill the orc priest!
The searing ray hits the orc wizard!
You kill the orc wizard!
The searing ray hits the orc.
You kill the orc!
The orc priest calls down the wrath of Beogh upon you.
Beogh smites you!
You die... #####.# #@o)))# #######

You could see an orc priest.

Vanquished Creatures
  A scorpion (D:2)
  A gnoll sergeant (D:6)
  An orc priest (D:7)
  An orc wizard (D:7)
  2 gnolls (D:6)
  4 adders (D:3)
  An adder skeleton (D:2)
  A dart slug (D:3)
  2 orcs
  10 bats
  5 endoplasms
  A giant cockroach (D:2)
  4 goblins
  8 hobgoblins
  A quokka (D:3)
  6 ball pythons
  3 frilled lizards
  8 kobolds
  4 rats
64 creatures vanquished.

Vanquished Creatures (others)
  3 plants (D:3)
3 creatures vanquished.

Grand Total: 67 creatures vanquished

Notes
Turn   | Place    | Note
-------+----------+-------------------------------------------
     0 | D:1      | mortz the Djinni Conjurer began the quest for the Orb.
     0 | D:1      | Reached XP level 1. HP: 15/15 MP: 0/0
   274 | D:2      | Reached XP level 2. HP: 13/21 MP: 0/0
   808 | D:1      | Reached XP level 3. HP: 21/25 MP: 0/0
   808 | D:1      | Learned a level 1 spell: Shock
  1231 | D:1      | Found a faded altar of an unknown god.
  2123 | D:2      | Noticed a scorpion
  2130 | D:2      | Killed a scorpion
  2131 | D:2      | Reached skill level 1 in Short Blades
  2131 | D:2      | Reached skill level 4 in Spellcasting
  2131 | D:2      | Reached XP level 4. HP: 7/31 MP: 0/0
  2131 | D:2      | Reached XP level 5. HP: 8/36 MP: 0/0
  2131 | D:2      | Learned a level 2 spell: Call Imp
  2929 | D:3      | Reached skill level 1 in Armour
  2955 | D:3      | You are sucked into a shaft and drop 3 floors!
  3001 | D:6      | Reached skill level 1 in Fighting
  3012 | D:6      | Reached XP level 6. HP: 19/42 MP: 0/0
  3029 | D:7      | Killed from afar by an orc priest

Illustrated notes

Levels and vault maps discovered:
D:1:      giann_forest_graveyard, layout_rooms,
          hellmonk_ecumenical_altar_prayer_group, minmay_tree_intersection,
          chequers_serial_rivers_micro_e, minmay_split_cup_small
D:2:      layout_rooms, basic_altar
D:3:      layout_loops_corners, serial_forest, infiniplex_forest_lined_3,
          infiniplex_forest_straight_2, infiniplex_forest_clump_curved,
          infiniplex_forest_clump_medium, infiniplex_forest_zigzag_1,
          infiniplex_forest_clump_long, infiniplex_forest_fountain,
          kennysheep_decorative_pillar, st_stairs_1,
          nicolae_concentric_dashed_squares_wild, minmay_joined_circles
D:6:      nicolae_cairo_tiling_large_dashed, layout_cave_pools,
          mainiacjoe_overflow_chevrons, serial_glass, glass_columns_a,
          glass_columns_b, minmay_parallelograms
D:7:      layout_basic

Skill      XL: |  1  2  3  4  5 |
---------------+----------------+-----
Short Blades   | 1 |  1.8
Spellcasting   | 4 |  4.8
Armour         | 1 |  1.3
Fighting       | 1 |  1.2
Dodging        | |  2.4
Stealth        | |  1.9

Action                   |  1- 3 |  4- 6 || total
-------------------------+-------+-------++-------
Melee: Short sword       |     4 |     9 ||    13
       Punch             |       |     1 ||     1
 Cast: Magic Dart        |    69 |    15 ||    84
       Searing Ray       |     8 |     9 ||    17
       Shock             |       |     7 ||     7
  Use: Scroll            |       |     2 ||     2
       Potion            |       |     2 ||     2
Armor: Robe              |    11 |       ||    11
       Leather armour    |     4 |     9 ||    13
Dodge: Dodged            |    13 |    15 ||    28
